 Dungeon Crawl Stone Soup version 0.18.1-48-g4cf74bf (webtiles) character file.

2818 Ponchio the Skirmisher (level 9, -4/57 HPs)
             Began as a Gargoyle Fighter on July 5, 2016.
             Was an Initiate of Qazlal.
             Slain by loom's ghost (7 damage)
             ... in a bailey.
             The game lasted 00:40:23 (10067 turns).

Ponchio the Skirmisher (Gargoyle Fighter)          Turns: 10067, Time: 00:40:23

Health: -4/57      AC: 22    Str: 23    XL:     9   Next: 72%
Magic:  9/9        EV: 11    Int:  8    God:    Qazlal [......]
Gold:   300        SH: 12    Dex: 12    Spells: 0 memorised, 8 levels left

rFire  + . .     SeeInvis .     g - +4 flail (protect)
rCold  . . .     Gourm    .     h - +2 ring mail {rF+}
rNeg   + . .     Faith    .     c - +1 shield
rPois  ∞         Spirit   .     (no helmet)
rElec  +         Dismiss  .     (no cloak)
rCorr  .         Reflect  .     u - +0 pair of gloves
SustAt +         Harm     .     (no boots)
MR     .....                    (no amulet)
Stlth  +.........               r - ring of wizardry
                                e - ring of sustain attributes

@: not resistant to hostile enchantments, very unstealthy
A: talons 1, thin metallic scales 1, negative energy resistance 1, electricity
resistance, strong 1, unbreathing, petrification resistance, rot immunity, AC +5
a: Renounce Religion


You were in a bailey.
You worshipped Qazlal.
Qazlal was noncommittal.
You were hungry.

You visited 2 branches of the dungeon, and saw 8 of its levels.
You also visited: Bailey.

You collected 300 gold pieces.

Inventory:

Hand Weapons
 g - a +4 flail of protection (weapon)
 p - a +0 mace of holy wrath
Armour
 c - a +1 shield (worn)
 h - a +2 ring mail of fire resistance (worn)
 u - a +0 pair of gloves (worn)
Jewellery
 e - a ring of sustain attributes (left hand)
 m - an uncursed ring of stealth
 r - a ring of wizardry (right hand)
Wands
 o - a wand of flame (32/48)
 w - a wand of confusion (31/48)
Scrolls
 j - a scroll of fear
 k - 2 scrolls of noise
Potions
 a - 2 potions of ambrosia
 b - a potion of heal wounds {unknown}
 i - a potion of flight {unknown}
 l - 3 potions of degeneration {unknown}
 s - a potion of curing
 t - a potion of magic {unknown}
Comestibles
 d - 2 slices of pizza
 f - 2 bread rations
 n - 2 meat rations
 v - a chunk of flesh


   Skills:
 + Level 7.3 Fighting
 + Level 6.0 Maces & Flails
 + Level 7.2 Armour
 + Level 4.7 Dodging
 + Level 7.1 Shields


You had 8 spell levels left.
You didn't know any spells.

Dungeon Overview and Level Annotations

Branches:
Dungeon (7/15)             Temple (1/1) D:6

Altars:
Ashenzari
Cheibriados
Dithmenos
Elyvilon
Fedhas
Gozag
Kikubaaqudgha
Makhleb
Nemelex Xobeh
Okawaru
Pakellas
Qazlal
Ru
Trog
Xom
Zin

Annotations:
Bailey loom's ghost, novice MiBe


Innate Abilities, Weirdness & Mutations

You are resistant to torment.
Your stone body is resilient (AC +5).
You are immune to poison.
You resist negative energy.
You are resistant to electric shocks.
You can survive without breathing.
You are immune to petrification.
You are immune to rotting.
You have sharp toenails.
You are partially covered in thin metallic scales (AC +2).
Your muscles are strong. (Str +2)


Message History

Loom's ghost is almost destroyed.
The orc misses you.
Loom's ghost hits you but does no damage.
You closely miss loom's ghost.
Loom's ghost is almost destroyed.
You block the orc's attack. You block loom's ghost's attack.
The orc hits you but does no damage.
You hit loom's ghost but do no damage.
Loom's ghost is almost destroyed.
Loom's ghost barely misses you. You block the orc's attack.
Loom's ghost barely misses you.
Your shield prevents you from hitting loom's ghost.
Your kick misses loom's ghost.
Loom's ghost is almost destroyed.
The orc misses you. Loom's ghost hits you!
* * * LOW HITPOINT WARNING * * *
You miss loom's ghost. Your kick misses loom's ghost.
Loom's ghost is almost destroyed.
The orc hits you but does no damage. Loom's ghost hits you!
You die...

#......≈##
#......≈≈#o
#......≈≈≈≈
#..........
#..........
#..........
#..........
#oW........
#@.(.......
###########


You could see loom's ghost and an orc.

Vanquished Creatures
  Pikel (D:6)
  Grinder (D:3)
  Sigmund (D:4)
  Edmund (D:4)
  An ice beast (D:4)
  A phantom (D:6)
  A black bear (D:6)
  2 centaurs
  5 giant frogs
  2 scorpions (D:4)
  2 crimson imps
  A jelly (D:6)
  6 orc priests
  2 giant frog skeletons
  A hound (D:3)
  3 orc wizards
  A centaur skeleton (D:4)
  8 worker ants
  A hound skeleton (D:4)
  10 gnolls
  9 adders
  An ooze (D:3)
  An adder skeleton (D:4)
  6 worms
  A dart slug (D:1)
  5 giant geckos
  19 orcs
  10 bats
  2 giant cockroaches
  9 goblins
  10 hobgoblins
  10 jackals
  11 kobolds
  2 ball pythons
  A giant cockroach zombie (D:6)
  6 giant newts
  A quokka skeleton (D:4)
  9 rats
164 creatures vanquished.

Vanquished Creatures (others)
  A black bear (D:6)
1 creature vanquished.

Grand Total: 165 creatures vanquished

Notes
Turn   | Place    | Note
--------------------------------------------------------------
     0 | D:1      | Ponchio the Gargoyle Fighter began the quest for the Orb.
     0 | D:1      | Reached XP level 1. HP: 14/14 MP: 1/1
   169 | D:1      | Reached XP level 2. HP: 16/19 MP: 2/2
   505 | D:1      | Reached XP level 3. HP: 13/23 MP: 3/3
   961 | D:2      | Reached XP level 4. HP: 28/29 MP: 4/4
  1039 | D:2      | Found a sacrificial altar of Ru.
  1269 | D:2      | Found a bloodstained altar of Trog.
  1274 | D:2      | Found an ancient bone altar of Kikubaaqudgha.
  1274 | D:2      | Found an opulent altar of Gozag.
  1337 | D:2      | Reached skill level 1 in Dodging
  2210 | D:3      | Noticed Grinder
  2227 | D:3      | Paralysed by Grinder for 7 turns
  2250 | D:3      | Killed Grinder
  2250 | D:3      | Reached XP level 5. HP: 18/34 MP: 5/5
  2250 | D:3      | Reached XP level 6. HP: 21/39 MP: 6/6
  2795 | D:3      | Found a sparkling altar of Nemelex Xobeh.
  3661 | D:3      | Reached XP level 7. HP: 14/44 MP: 7/7
  4401 | D:3      | Reached skill level 5 in Fighting
  4420 | D:3      | Reached skill level 5 in Shields
  4920 | D:3      | Paralysed by fainting for 11 turns
  5228 | D:4      | Reached skill level 5 in Armour
  5347 | D:4      | Noticed Edmund
  5493 | D:4      | Gained mutation: You are partially covered in thin metallic scales (AC +2). [potion of mutation]
  5493 | D:4      | Gained mutation: You have sharp toenails. [potion of mutation]
  5493 | D:4      | Gained mutation: Your muscles are strong. (Str +2) [potion of mutation]
  5722 | D:4      | Noticed Sigmund
  5879 | D:4      | Killed Sigmund
  5879 | D:4      | Reached XP level 8. HP: 48/50 MP: 8/8
  6733 | D:4      | Killed Edmund
  7053 | D:4      | Found an iron altar of Okawaru.
  7134 | D:5      | Entered Level 5 of the Dungeon
  7833 | D:5      | Reached skill level 5 in Maces & Flails
  8032 | D:5      | Found a shimmering altar of Xom.
  8277 | D:5      | Reached XP level 9. HP: 50/56 MP: 9/9
  8337 | D:5      | Found a snail-covered altar of Cheibriados.
  8630 | D:6      | Noticed Pikel
  8675 | D:6      | Killed Pikel
  8835 | D:6      | Found a staircase to the Ecumenical Temple.
  8850 | Temple   | Entered the Ecumenical Temple
  9149 | Temple   | Became a worshipper of Qazlal Stormbringer
  9192 | D:6      | Found a blossoming altar of Fedhas.
  9850 | D:7      | Found a flagged portal.
  9866 | Bailey   | Entered a bailey
  9981 | Bailey   | Noticed loom's ghost (novice MiBe)
 10067 | Bailey   | Slain by loom's ghost

Skill      XL: |  1  2  3  4  5  6  7  8  9 |
---------------+----------------------------+-----
Dodging        | 1 2 3 4 |  4.7
Fighting       | 4 5 6 7 |  7.3
Shields        | 4 5 6 7 |  7.1
Maces & Flails | 3 4 5 6 |  6.0
Armour         | 4 5 6 7 |  7.2

Action                   |  1- 3 |  4- 6 |  7- 9 || total
-------------------------+-------+-------+-------++-------
Melee: Flail             |    35 |       |   262 ||   297
       Whip              |   185 |   434 |  1147 ||  1766
       Kick              |       |       |   275 ||   275
  Use: Scroll            |     3 |     4 |    10 ||    17
       Potion            |       |     1 |     8 ||     9
  Eat: Chunk             |       |     8 |    12 ||    20
       Beef jerky        |       |     2 |     1 ||     3
       Meat ration       |       |       |     1 ||     1
       Bread ration      |       |       |     1 ||     1
Armor: Scale mail        |    67 |    51 |       ||   118
       Ring mail         |       |   103 |   402 ||   505
       Leather armour    |       |       |   114 ||   114
       Skin              |       |       |     9 ||     9
Dodge: Dodged            |    62 |   112 |   413 ||   587
Block: Shield            |   119 |   225 |   706 ||  1050
